 Dungeon Crawl Stone Soup version 0.31-a0-246-g8cbcc1cb85 (webtiles) character file.

Game seed: 5069783920134062455

76725 garrulousMonolith the Thaumaturge (level 15, -13/119 HPs)
             Began as a Gnoll Earth Elementalist on July 12, 2023.
             Was a Believer of Ashenzari.
             Mangled by a +7 long sword (18 damage)
             ... on level 13 of the Dungeon.
             The game lasted 00:38:51 (28904 turns).

garrulousMonolith the Thaumaturge (GnEE)           Turns: 28904, Time: 00:38:52

Health: -13/119    AC: 18    Str: 11    XL:     15   Next: 54%
Magic:  14/31      EV: 15    Int: 16    God:    Ashenzari [**....]
Gold:   1071       SH: 13    Dex: 15    Spells: 15/39 levels left

rFire   + . .        C - +2 demon trident (elec)
rCold   + . .        m - +1 buckler of Desmomancy {AC+3, Elem, Self} (curse)
rNeg    . . .        i - +0 swamp dragon scales
rPois   +            M - +2 hat {Stlth+}
rElec   .            e - scarf {repulsion}
rCorr   .            Q - +0 pair of gloves "Cursed Together" {Fort, Elem} (curse)
SInv    +            Y - +0 pair of boots {Stlth+}
Will    ++...        j - amulet of reflection
Stlth   ++++++       (no ring)
HPRegen 0.39/turn    S - ring "Thunder Perfect Mind" {rF+ rC+ Will+, Alch, Elem} (curse)
MPRegen 0.22/turn

%: repel missiles, reflection
@: studying Axes
A: fangs 1, strong nose, distributed training
a: Renounce Religion, Curse Item, Shatter the Chains


You were on level 13 of the Dungeon.
You worshipped Ashenzari.
Ashenzari was pleased with you.
You visited 3 branches of the dungeon, and saw 19 of its levels.
You also visited: Sewer, Bailey and Volcano.

You collected 1149 gold pieces.
You spent 78 gold pieces at shops.

Inventory:

Hand Weapons
 q - the +7 short sword of Luceo {heavy, rPois Int+2}
   (You found it on level 2 of the Dungeon)

   Int:       It affects your intelligence (+2).
   rPois:     It protects you from poison.
 C - a +2 demon trident of electrocution (weapon)
 E - a +0 dagger of venom
 P - the +8 hand axe of Terra Cotta {flame, Dex+4}
   (You found it on level 11 of the Dungeon)

   Dex:       It affects your dexterity (+4).
 X - a +2 broad axe of flaming
Missiles
 n - 20 javelins
 y - 4 throwing nets
 Z - 6 curare-tipped darts
Armour
 e - a scarf of repulsion (worn)
 i - +0 swamp dragon scales (worn)
 m - the cursed +1 buckler of Desmomancy (worn) {AC+3, Elem, Self}
   (You found it on level 2 of the Dungeon)

   It has a curse which improves the following skills: Elements: Fire Magic, Ice
   Magic, Air Magic and Earth Magic.
   Introspection: Fighting and Spellcasting.
 M - a +2 hat of stealth (worn)
 Q - the cursed +0 pair of gloves "Cursed Together" (worn) {Fort, Elem}
   (You found it on level 11 of the Dungeon)

   It has a curse which improves the following skills: Fortitude: Armour and
   Shields.
   Elements:  Fire Magic, Ice Magic, Air Magic and Earth Magic.
 W - a +1 kite shield of fire resistance
 Y - a +0 pair of boots of stealth (worn)
Magical Staves
 G - a staff of conjuration
Jewellery
 b - a ring of poison resistance
 j - an amulet of reflection (around neck)
 k - the ring "Quitz" {rPois rF+ MP-9 Slay+4}
   (You found it on level 5 of the Lair of Beasts)

   [ring of slaying]

   Slay:      It affects your accuracy & damage with ranged weapons and melee
   (+4).
   rF:        It protects you from fire.
   rPois:     It protects you from poison.
   MP:        It affects your magic capacity (-9).
 S - the cursed ring "Thunder Perfect Mind" (right hand) {rF+ rC+ Will+, Alch, Elem}
   (You acquired it on level 2 of the Lair of Beasts)

   [ring of protection from cold]

   rF:        It protects you from fire.
   rC:        It protects you from cold.
   Will:      It increases your willpower.
   It has a curse which improves the following skills: Alchemy: Poison Magic and
   Transmutations.
   Elements:  Fire Magic, Ice Magic, Air Magic and Earth Magic.
Talismans
 t - a beast talisman
 z - a dragon-blood talisman
 A - a maw talisman
 L - a serpent talisman
Wands
 a - a wand of charming (34)
 g - a wand of roots (3)
 p - a wand of flame (21)
 O - a wand of quicksilver (2)
Scrolls
 f - a scroll of poison
 l - a scroll of teleportation
 r - 2 scrolls of revelation
 x - a scroll of amnesia
 H - 7 scrolls of identify
 J - a scroll of butterflies
 T - 2 scrolls of brand weapon
Potions
 c - 4 potions of brilliance
 d - 3 potions of curing
 h - 8 potions of mutation
 o - 3 potions of lignification
 u - 3 potions of invisibility
 v - 5 potions of might
 w - 6 potions of haste
 B - 5 potions of berserk rage
 F - a potion of ambrosia
 I - 4 potions of cancellation
 K - a potion of resistance
 R - 2 potions of enlightenment
 V - a potion of magic
Miscellaneous
 s - a lightning rod (3/4)
 U - a phantom mirror


   Skills:
 + Level 10.3(11.4) Fighting
 + Level 10.3 Short Blades
 + Level 10.3 Long Blades
 + Level 10.5 Axes
 + Level 10.3 Maces & Flails
 + Level 10.3 Polearms
 + Level 10.3 Staves
 + Level 10.3 Ranged Weapons
 + Level 10.3 Throwing
 + Level 10.3(11.4) Armour
 + Level 11.2 Dodging
 + Level 11.1 Stealth
 + Level 10.3(11.4) Shields
 + Level 10.3 Unarmed Combat
 + Level 11.4(12.5) Spellcasting
 + Level 8.6 Conjurations
 + Level 8.6 Hexes
 + Level 8.6 Summonings
 + Level 8.6 Necromancy
 + Level 8.6 Translocations
 + Level 8.9(10.1) Transmutations
 + Level 8.6(11.0) Fire Magic
 + Level 8.6(11.0) Ice Magic
 + Level 8.6(11.0) Air Magic
 + Level 10.2(12.5) Earth Magic
 + Level 8.6(9.8) Poison Magic
 + Level 11.2 Invocations
 + Level 10.3 Evocations
 + Level 8.6 Shapeshifting


You had 15 spell levels left.
You knew the following spells:

 Your Spells              Type           Power      Damage    Failure   Level
a - Sandblast             Erth           100%       2d20      1%          1
b - Stone Arrow           Conj/Erth      86%        3d12      1%          3
c - Passwall              Tmut/Erth      38%        N/A       1%          2
d - Poisonous Vapours     Pois/Air       86%        N/A       1%          2
e - Olgreb's Toxic Radia  Pois           41%        N/A       3%          4
f - Petrify               Tmut/Erth      46%        N/A       1%          4
g - Mephitic Cloud        Conj/Pois/Air  41%        N/A       1%          3
h - Hailstorm             Conj/Ice       41%        3d10      1%          3
i - Blink                 Tloc           74%        N/A       1%          2

Your spell library contained the following spells:

 Spells                   Type           Power      Damage    Failure   Level
 Magic Dart               Conj           100%       1d8       1%          1
 Slow                     Hex            100%       N/A       1%          1
 Sting                    Tmut/Pois      100%       1d8       1%          1
 Lesser Beckoning         Tloc           74%        N/A       1%          2
 Momentum Strike          Conj/Tloc      74%        3d10      1%          2
 Call Canine Familiar     Summ           37%        N/A       1%          3
 Confusing Touch          Hex            37%        N/A       1%          3
 Gell's Gravitas          Tloc           37%        N/A       1%          3
 Ozocubu's Armour         Ice            45%        N/A       1%          3
 Portal Projectile        Hex/Tloc       74%        N/A       1%          3
 Teleport Other           Tloc           37%        N/A       1%          3
 Leda's Liquefaction      Hex/Erth       21%        N/A       2%          4
 Metabolic Englaciation   Hex/Ice        20%        N/A       9%          5
 Simulacrum               Ice/Necr       20%        N/A       43%         6
 Dispersal                Tloc           18%        N/A       58%         6
 Fire Storm               Conj/Fire      20%        8d5       100%        9


Dungeon Overview and Level Annotations

Branches:
Dungeon (13/15)            Temple (1/1) D:5            Lair (5/5) D:11
 Shoals (0/4) Lair:2        Snake (0/4) Lair:2        Slime (0/5) Lair:5
    Orc (0/2) D:11          Sewer (visited)          Bailey (visited)
Volcano (visited)
 Vaults: D:13-14

Altars:
Ashenzari
Cheibriados
Dithmenos
Elyvilon
Fedhas
Gozag
Hepliaklqana
Kikubaaqudgha
Makhleb
Nemelex Xobeh
Okawaru
Qazlal
Ru
Sif Muna
Trog
Uskayaw
Vehumet
Wu Jian
Xom
Zin
The Shining One
Jiyva

Shops:
D:1 !   D:2 :   D:7 *

Portals:
Hell: Lair:5

Annotations:
D:5 1 runed translucent door, innerfire43's ghost, novice DsMo
D:7 1 runed translucent door
D:8 2 transporters, Brisketman's ghost, novice FeEn
Temple 4 transporters
Lair:1 2 transporters
Lair:4 3 runed translucent doors, Bekuax's ghost, journeyman MfIE


Innate Abilities, Weirdness & Mutations

You have very sharp teeth.
Your uncanny sense of smell can sniff out nearby items.
Your experience applies equally to all skills.


Message History

Aim: a boulder beetle (almost dead, extremely poisoned, 100% to hit)
The blast of sand hits the boulder beetle but does no damage.
The boulder beetle is almost dead.
You kill the boulder beetle!
The +7 long sword hits you. You block the +7 long sword's attack.
Your lightning rod (3/4) has regained one charge.
Casting: Sandblast (safe; 1% risk of failure)
Confirm with . or Enter, or press ? or * to list all spells.
Aiming: Sandblast (safe; 1% risk of failure)
Press: ? - help, Shift-Dir - straight line, f - +7 long sword
Aim: a +7 long sword (70% to hit)
The blast of sand hits the +7 long sword!
The +7 long sword is moderately damaged.
The +7 long sword hits you!
A +7 long sword comes into view.
The +7 long sword hits you.
The +7 long sword hits you but does no damage.
You miss the +7 long sword.
The +7 long sword is moderately damaged.
The +7 long sword hits you! The +7 long sword barely misses you.
You closely miss the +7 long sword. Your bite misses the +7 long sword.
The +7 long sword is moderately damaged.
The +7 long sword hits you!
* * * LOW HITPOINT WARNING * * *
You block the +7 long sword's attack.
Casting: Sandblast (safe; 1% risk of failure)
Confirm with . or Enter, or press ? or * to list all spells.
Aiming: Sandblast (safe; 1% risk of failure)
Press: ? - help, Shift-Dir - straight line, f/p - +7 long sword
Aim: a +7 long sword (moderately damaged, 70% to hit)
The blast of sand hits the +7 long sword but does no damage.
The +7 long sword is moderately damaged.
You block the +7 long sword's attack. The +7 long sword hits you!
* * * LOW HITPOINT WARNING * * *
You block the +7 long sword's attack. The +7 long sword hits you.
* * * LOW HITPOINT WARNING * * *
The +7 long sword hits you!
* * * LOW HITPOINT WARNING * * *
The +7 long sword hits you!!
You die...

, , , ..#.. ,
#+###.#., , .
#...#.#. , , * ,
..#......####+## ,
,..^............. ,*
, ................**
.....$(......... ,, ,
......(@........ , ,
....#.#......... , ,,
. # ##........* * ,∆
#......... # , *
{##..#+#####.### , ,
#..............
,,...........<.......
................... ,
....................


You could see 2 dancing weapons.

Vanquished Creatures
  Kirke (D:12)
  Gastronok (Lair:2)
  A catoblepas (Lair:5)
  3 hydras
  An ogre mage (Volcano)
  9 two-headed ogres
  7 death yaks
  4 boulder beetles
  A hell knight (Volcano)
  A sun demon (Lair:5)
  A fire crab (Lair:5)
  3 skysharks
  5 skeletal warriors
  An orc knight (Bailey)
  A wizard (Lair:5)
  A manticore (D:12)
  8 elephants
  2 oklob plants (Lair:5)
  A cyclops (D:12)
  9 slime creatures
  14 cane toads
  3 black mambas
  A guardian serpent (Lair:2)
  A smoke demon (Lair:5)
  A gargoyle (D:12)
  A kobold demonologist (D:6)
  2 ice devils (Lair:5)
  3 rime drakes
  Maggie (D:7)
  10 komodo dragons
  4 red devils (Lair:5)
  A troll (D:11)
  2 polar bears
  Grinder (D:7)
  12 dream sheep
  42 blink frogs
  A snapping turtle (Lair:2)
  7 wyverns
  A shadow (D:8)
  45 yaks
  A wraith (D:8)
  A hog (D:12)
  3 steam dragons
  3 basilisks
  4 wargs (D:6)
  10 water moccasins
  6 hell hounds
  2 orc warriors
  A black bear (D:5)
  3 ice beasts
  3 wolves (Lair:5)
  8 centaurs
  4 ogres (D:6)
  5 kobold brigands
  13 bullfrogs
  3 gnoll sergeants (D:6)
  3 scorpions
  5 wights (D:9)
  9 killer bees
  12 howler monkeys
  10 orc priests
  7 hounds
  4 jellies
  4 gnoll boudas
  12 orc wizards
  Ijyb (D:4)
  An iguana (D:4)
  Robin (D:2)
  21 gnolls
  5 adders
  2 river rats (Sewer)
  4 white imps
  4 ufetubi
  4 worms
  A dart slug (D:3)
  42 orcs
  7 ball pythons
  12 endoplasms
  8 giant cockroaches
  13 hobgoblins
  9 quokkas
  2 bats (D:1)
  5 frilled lizards
  13 goblins
  20 kobolds
  7 rats
532 creatures vanquished.

Vanquished Creatures (others)
  A dream sheep (Lair:5)
  A wolf (Lair:5)
2 creatures vanquished.

Grand Total: 534 creatures vanquished

Notes
Turn   | Place    | Note
-------+----------+-------------------------------------------
     0 | D:1      | garrulousMonolith the Gnoll Earth Elementalist began the
                  | quest for the Orb.
     0 | D:1      | Reached XP level 1. HP: 13/13 MP: 6/6
   171 | D:1      | Found Jistri's Distillery.
   322 | D:1      | Reached XP level 2. HP: 19/19 MP: 5/7
   796 | D:2      | Found Aliena's Book Boutique.
   820 | D:2      | Reached skill level 5 in Spellcasting
   820 | D:2      | Reached XP level 3. HP: 14/25 MP: 2/9
   832 | D:2      | Reached skill level 1 in Invocations
  1062 | D:2      | Reached skill level 1 in Fighting
  1062 | D:2      | Reached skill level 1 in Short Blades
  1062 | D:2      | Reached skill level 1 in Long Blades
  1062 | D:2      | Reached skill level 1 in Axes
  1062 | D:2      | Reached skill level 1 in Maces & Flails
  1062 | D:2      | Reached skill level 1 in Polearms
  1062 | D:2      | Reached skill level 1 in Staves
  1062 | D:2      | Reached skill level 1 in Ranged Weapons
  1062 | D:2      | Reached skill level 1 in Throwing
  1062 | D:2      | Reached skill level 1 in Armour
  1062 | D:2      | Reached skill level 1 in Shields
  1062 | D:2      | Reached skill level 1 in Unarmed Combat
  1062 | D:2      | Reached skill level 1 in Evocations
  1062 | D:2      | Reached XP level 4. HP: 32/32 MP: 8/11
  1122 | D:2      | Noticed Robin
  1128 | D:2      | Killed Robin
  1327 | D:2      | Learned a level 3 spell: Stone Arrow
  1330 | D:2      | Learned a level 2 spell: Passwall
  1388 | D:2      | Reached skill level 1 in Conjurations
  1388 | D:2      | Reached skill level 1 in Hexes
  1388 | D:2      | Reached skill level 1 in Summonings
  1388 | D:2      | Reached skill level 1 in Necromancy
  1388 | D:2      | Reached skill level 1 in Translocations
  1388 | D:2      | Reached skill level 1 in Fire Magic
  1388 | D:2      | Reached skill level 1 in Ice Magic
  1388 | D:2      | Reached skill level 1 in Air Magic
  1388 | D:2      | Reached skill level 1 in Poison Magic
  1388 | D:2      | Reached skill level 1 in Shapeshifting
  1882 | D:2      | Identified the +7 short sword of Luceo {heavy, rPois Int+2}
  2151 | D:3      | Reached XP level 5. HP: 37/37 MP: 8/12
  2344 | D:3      | Found a faded altar of an unknown god.
  2597 | D:4      | Found a glowing drain.
  2607 | Sewer    | Entered a sewer
  2903 | Sewer    | Reached XP level 6. HP: 44/44 MP: 9/13
  2950 | Sewer    | Found a shimmering altar of Xom.
  3360 | D:4      | Reached skill level 5 in Dodging
  3696 | D:4      | Noticed Ijyb
  3701 | D:4      | Noticed Grinder
  3719 | D:4      | Killed Ijyb
  3735 | D:4      | Paralysed by Grinder for 2 turns
  4043 | D:5      | Entered Level 5 of the Dungeon
  4224 | D:5      | Noticed a black bear
  4227 | D:5      | Killed a black bear
  4228 | D:5      | Reached XP level 7. HP: 51/51 MP: 11/15
  4300 | D:5      | Reached skill level 5 in Stealth
  4456 | D:5      | Found a staircase to the Ecumenical Temple.
  4483 | Temple   | Entered the Ecumenical Temple
  4483 | Temple   | Found a transporter.
  4483 | Temple   | Found a transporter.
  4485 | Temple   | Found a transporter.
  4485 | Temple   | Found a transporter.
  4502 | Temple   | Became a worshipper of Ashenzari the Shackled
  4821 | D:5      | Found a runed translucent door.
  4824 | D:5      | Noticed innerfire43's ghost (novice DsMo)
  5369 | D:6      | Reached XP level 8. HP: 57/57 MP: 12/16
  6119 | D:6      | Reached XP level 9. HP: 65/65 MP: 12/18
  6775 | D:6      | Noticed a two-headed ogre
  6786 | D:6      | Killed a two-headed ogre
  6787 | D:6      | Reached skill level 5 in Invocations
  6880 | D:6      | Learned a level 2 spell: Poisonous Vapours
  7088 | D:6      | Noticed a kobold demonologist
  7096 | D:6      | Killed a kobold demonologist
  7097 | D:6      | Reached skill level 5 in Fighting
  7097 | D:6      | Reached skill level 5 in Short Blades
  7097 | D:6      | Reached skill level 5 in Long Blades
  7097 | D:6      | Reached skill level 5 in Axes
  7097 | D:6      | Reached skill level 5 in Maces & Flails
  7097 | D:6      | Reached skill level 5 in Polearms
  7097 | D:6      | Reached skill level 5 in Staves
  7097 | D:6      | Reached skill level 5 in Ranged Weapons
  7097 | D:6      | Reached skill level 5 in Throwing
  7097 | D:6      | Reached skill level 5 in Armour
  7097 | D:6      | Reached skill level 5 in Shields
  7097 | D:6      | Reached skill level 5 in Unarmed Combat
  7097 | D:6      | Reached skill level 5 in Evocations
  7097 | D:6      | Reached XP level 10. HP: 53/74 MP: 7/20
  8150 | D:7      | Found a runed translucent door.
  8216 | D:7      | Noticed Maggie
  8226 | D:7      | Killed Maggie
  8623 | D:7      | Found Xom Rull's Assorted Antiques.
  8625 | D:7      | Paralysed by Grinder for 2 turns
  8628 | D:7      | Killed Grinder
  8681 | D:7      | Bought a scroll of teleportation for 78 gold pieces
  8820 | D:7      | Reached skill level 5 in Transmutations
  9441 | D:7      | Found a hazy altar of Hepliaklqana.
  9447 | D:7      | Found a shimmering blue altar of Sif Muna.
  9452 | D:7      | Found a white marble altar of Elyvilon.
 10311 | D:8      | Found a transporter.
 10313 | D:8      | Noticed Brisketman's ghost (novice FeEn)
 10615 | D:8      | Noticed a two-headed ogre
 10621 | D:8      | Killed a two-headed ogre
 10645 | D:8      | Noticed a two-headed ogre
 10732 | D:8      | Killed a two-headed ogre
 10733 | D:8      | Reached XP level 11. HP: 61/81 MP: 9/22
 10864 | D:8      | Noticed a skeletal warrior
 10873 | D:8      | Killed a skeletal warrior
 10874 | D:8      | Reached skill level 5 in Conjurations
 10874 | D:8      | Reached skill level 5 in Hexes
 10874 | D:8      | Reached skill level 5 in Summonings
 10874 | D:8      | Reached skill level 5 in Necromancy
 10874 | D:8      | Reached skill level 5 in Translocations
 10874 | D:8      | Reached skill level 5 in Fire Magic
 10874 | D:8      | Reached skill level 5 in Ice Magic
 10874 | D:8      | Reached skill level 5 in Air Magic
 10874 | D:8      | Reached skill level 5 in Poison Magic
 10874 | D:8      | Reached skill level 5 in Shapeshifting
 11562 | D:8      | Found a transporter.
 11709 | D:8      | Found a snail-covered altar of Cheibriados.
 11709 | D:8      | Found a burning altar of Makhleb.
 12401 | D:9      | Learned a level 4 spell: Olgreb's Toxic Radiance
 12787 | D:9      | Found a blossoming altar of Fedhas.
 12840 | D:9      | Identified the +6 hand axe "Ynkuwk" {flame, Dex+4}
 13719 | D:10     | Entered Level 10 of the Dungeon
 13769 | D:10     | Found a flagged portal.
 13785 | Bailey   | Entered a bailey
 14301 | Bailey   | Noticed an orc knight
 14304 | Bailey   | Killed an orc knight
 14419 | Bailey   | Reached XP level 12. HP: 92/92 MP: 20/25
 14540 | D:10     | Noticed a two-headed ogre
 14543 | D:10     | Killed a two-headed ogre
 14728 | D:10     | Found an iron altar of Okawaru.
 14728 | D:10     | Found a glowing golden altar of the Shining One.
 14729 | D:10     | Found a radiant altar of Vehumet.
 15033 | D:10     | Learned a level 4 spell: Petrify
 15094 | D:10     | Noticed a two-headed ogre
 15097 | D:10     | Killed a two-headed ogre
 15815 | D:11     | Reached XP level 13. HP: 75/98 MP: 15/26
 16150 | D:11     | Identified the +8 hand axe of Terra Cotta {flame, Dex+4}
 16264 | D:11     | Found a staircase to the Orcish Mines.
 16844 | D:11     | Found a staircase to the Lair.
 16924 | D:11     | Reached * piety under Ashenzari
 16924 | D:11     | Identified 2 scrolls of acquirement
 16925 | D:11     | Acquired the Codex of Weird Bolts
 16927 | D:11     | Acquired a book of the Hunter
 16935 | D:11     | Learned a level 3 spell: Mephitic Cloud
 16944 | Lair:1   | Entered Level 1 of the Lair of Beasts
 17116 | Lair:1   | Found a transporter.
 17117 | Lair:1   | Identified the ring "Itionk" {rElec Str+4 Int+6}
 17153 | Lair:1   | Found a transporter.
 19533 | Lair:2   | Noticed Gastronok
 19540 | Lair:2   | Reached skill level 10 in Spellcasting
 19555 | Lair:2   | Killed Gastronok
 19957 | Lair:2   | Found a staircase to the Snake Pit.
 20404 | Lair:2   | Found a staircase to the Shoals.
 20569 | Lair:2   | Acquired the ring "Qoceney" {rF+ rC+ Will+}
 20668 | Lair:3   | Found a dark tunnel.
 20709 | Volcano  | Entered a volcano
 20793 | Volcano  | Reached skill level 10 in Dodging
 20793 | Volcano  | Reached XP level 14. HP: 108/108 MP: 18/28
 21378 | Lair:3   | Reached skill level 10 in Stealth
 21779 | Lair:3   | Reached ** piety under Ashenzari
 22495 | Lair:4   | Reached skill level 10 in Invocations
 24522 | Lair:4   | Found a runed translucent gate.
 24523 | Lair:4   | Found a runed translucent gate.
 24524 | Lair:4   | Found a runed translucent gate.
 24526 | Lair:4   | Noticed Bekuax's ghost (journeyman MfIE)
 24776 | Lair:5   | Entered Level 5 of the Lair of Beasts
 24776 | Lair:5   | Found a gate leading to a gauntlet.
 25338 | Lair:5   | Found a burning altar of Makhleb.
 25664 | Lair:5   | Reached XP level 15. HP: 97/117 MP: 19/31
 25727 | Lair:5   | Learned a level 3 spell: Hailstorm
 26114 | Lair:5   | Reached skill level 10 in Earth Magic
 26419 | Lair:5   | Found a staircase to the Slime Pits.
 26729 | Lair:5   | Reached skill level 10 in Fighting
 26729 | Lair:5   | Reached skill level 10 in Short Blades
 26729 | Lair:5   | Reached skill level 10 in Long Blades
 26729 | Lair:5   | Reached skill level 10 in Axes
 26729 | Lair:5   | Reached skill level 10 in Maces & Flails
 26729 | Lair:5   | Reached skill level 10 in Polearms
 26729 | Lair:5   | Reached skill level 10 in Staves
 26729 | Lair:5   | Reached skill level 10 in Ranged Weapons
 26729 | Lair:5   | Reached skill level 10 in Throwing
 26729 | Lair:5   | Reached skill level 10 in Armour
 26729 | Lair:5   | Reached skill level 10 in Shields
 26729 | Lair:5   | Reached skill level 10 in Unarmed Combat
 26729 | Lair:5   | Reached skill level 10 in Evocations
 26834 | Lair:5   | Found a viscous altar of Jiyva.
 26905 | Lair:5   | Identified the ring "Quitz" {rPois rF+ MP-9 Slay+4}
 27449 | Lair:5   | Found a gateway to Hell.
 28189 | D:12     | Noticed Kirke
 28199 | D:12     | Noticed a sphinx
 28203 | D:12     | Killed Kirke
 28203 | D:12     | Identified the cursed +0 pair of gloves "Cursed Together"
                  | {Fort, Elem} (You found it on level 11 of the Dungeon)
 28203 | D:12     | Identified the cursed +1 buckler of Desmomancy {AC+3, Elem,
                  | Self} (You found it on level 2 of the Dungeon)
 28703 | D:12     | Learned a level 2 spell: Blink
 28904 | D:13     | HP: 5/119 [+7 long sword (14)]
 28904 | D:13     | Mangled by a +7 long sword

Illustrated notes

Levels and vault maps discovered:
D:1:      dpeg_arrival_long_road, layout_basic, serial_shops,
          nicolae_shop_industrial_runoff
D:2:      layout_basic, serial_shops, nicolae_shop_hallway_plus,
          kennysheep_jessica_study, uniq_robin
D:3:      layout_rooms, nicolae_ecumenical_pavilion, nrook_campfire
D:4:      layout_basic, cheibrodos_sewer_entry_drain, uniq_grinder, uniq_ijyb
D:5:      layout_basic, minmay_temple_entry_grid, ebering_ghost_reflecting_pool,
          kennysheep_generic_room_9
D:6:      lemuel_castle_with_subvaults [lemuel_castle_interior_carwin_2],
          layout_basic
D:7:      layout_loops_corners, minmay_overflow_temple_star_quad, serial_shops,
          nicolae_shop_getting_attention, nicolae_water_bricks,
          nicolae_concentric_dashed_squares_wild, nrook_mini_vaults,
          lightli_church_of_beogh, uniq_maggie
D:8:      layout_loops_corners, gammafunk_temple_overflow_statue,
          gammafunk_ghost_arena, minivault_24, minmay_diamond_spiral
D:9:      layout_long_grid, mainiacjoe_overflow_alcove_1
D:10:     layout_stronghold, chequers_temple_overflow_statue_of_worship,
          enter_bailey_2, grunt_ogre_cave
D:11:     cheibrodos_steamvent, layout_gridville, david_lair_shrubbed,
          orc_0_dummy
D:12:     layout_basic, uniq_kirke
D:13:     layout_irregular_city, erik_vaults_1, vehumet_crystals
Temple:   hellmonk_temple_divided_pantheon
Lair:1:   gammafunk_worm_tunnel, layout_cellular_growth
Lair:2:   layout_regular_city, minmay_shoals_entry_hut,
          minmay_snake_entry_spellcaster, uniq_gastronok
Lair:3:   layout_gridlike, enter_volcano_3
Lair:4:   layout_regular_city, gammafunk_ghost_hydra_chop
Lair:5:   evil_forest, layout_cave_pods, minmay_slime_entry_oklob_open,
          gauntlet_entry_generic, lemuel_fruit_fields

Skill      XL: |  1  2  3  4  5  6  7  8  9 10 11 12 13 14 15 |
---------------+----------------------------------------------+-----
Transmutations | 2 3 4 5 6 7 8 |  8.9
Spellcasting   | 5 6 7 9 10 11 | 11.4
Invocations    | 1 2 3 4 5 6 8 9 10 11 | 11.2
Fighting       | 1 2 3 5 7 8 9 10 | 10.3
Short Blades   | 1 2 3 5 7 8 9 10 | 10.3
Long Blades    | 1 2 3 5 7 8 9 10 | 10.3
Axes           | 1 2 3 5 7 8 9 10 | 10.5
Maces & Flails | 1 2 3 5 7 8 9 10 | 10.3
Polearms       | 1 2 3 5 7 8 9 10 | 10.3
Staves         | 1 2 3 5 7 8 9 10 | 10.3
Ranged Weapons | 1 2 3 5 7 8 9 10 | 10.3
Throwing       | 1 2 3 5 7 8 9 10 | 10.3
Armour         | 1 2 3 5 7 8 9 10 | 10.3
Shields        | 1 2 3 5 7 8 9 10 | 10.3
Unarmed Combat | 1 2 3 5 7 8 9 10 | 10.3
Evocations     | 1 2 3 5 7 8 9 10 | 10.3
Conjurations   | 1 2 3 4 6 7 8 |  8.6
Hexes          | 1 2 3 4 6 7 8 |  8.6
Summonings     | 1 2 3 4 6 7 8 |  8.6
Necromancy     | 1 2 3 4 6 7 8 |  8.6
Translocations | 1 2 3 4 6 7 8 |  8.6
Fire Magic     | 1 2 3 4 6 7 8 |  8.6
Ice Magic      | 1 2 3 4 6 7 8 |  8.6
Air Magic      | 1 2 3 4 6 7 8 |  8.6
Poison Magic   | 1 2 3 4 6 7 8 |  8.6
Shapeshifting  | 1 2 3 4 6 7 8 |  8.6
Dodging        | 5 6 7 8 9 10 11 | 11.2
Stealth        | 5 6 7 8 9 10 11 | 11.1
Earth Magic    | 6 7 8 9 10 | 10.2

Action                     |  1- 3 |  4- 6 |  7- 9 | 10-12 | 13-15 || total
---------------------------+-------+-------+-------+-------+-------++-------
  Melee: Trident           |       |     1 |       |       |       ||     1
         Short sword       |       |    11 |    24 |    34 |    40 ||   109
         Bite              |       |       |     1 |     4 |    11 ||    16
         Demon trident     |       |       |       |       |    34 ||    34
         Unarmed           |       |       |       |       |     2 ||     2
   Cast: Sandblast         |    31 |   126 |    91 |   141 |   299 ||   688
         Stone Arrow       |       |       |    36 |   167 |   327 ||   530
         Poisonous Vapours |       |       |     7 |       |    63 ||    70
         Olgreb's Toxic Ra |       |       |       |       |    32 ||    32
         Passwall          |       |       |       |       |     1 ||     1
 Invoke: Curse Item        |       |       |       |     1 |     2 ||     3
  Evoke: Wand              |       |       |     1 |     3 |     3 ||     7
         Lightning rod     |       |       |       |     6 |     3 ||     9
    Use: Scroll            |       |    10 |     3 |    10 |     7 ||    30
         Potion            |       |       |     1 |     4 |     9 ||    14
   Stab: Sleeping          |       |     1 |       |       |       ||     1
         Invisible         |       |       |       |       |     1 ||     1
 Armour: Robe              |       |     2 |       |       |       ||     2
         Leather armour    |       |     9 |    46 |    10 |       ||    65
         Swamp dragon scal |       |       |       |    98 |   231 ||   329
  Dodge: Dodged            |     7 |    44 |    78 |   142 |   337 ||   608
         Repelled          |       |       |       |     2 |     7 ||     9
  Block: Buckler           |       |    11 |    42 |    91 |   295 ||   439
         Reflection        |       |       |       |       |     7 ||     7

Table legend: (Time is in decaauts)
 A = Elapsed time spent in this place.
 B = Non-inter-level travel time spent in this place.
 C = Inter-level travel time spent in this place.
 D = Time resting spent in this place.
 E = Time spent auto-exploring this place.
 F = Levels seen in this place.
 G = Mean time per level.
                   A        B        C        D        E       F      G
               +--------+--------+--------+--------+--------+-----+--------+
         Total |  29294 |  28486 |    808 |   8516 |  15807 |  22 | 1331.5 |
       Dungeon |  17064 |  16570 |    494 |   4377 |   9813 |  13 | 1312.6 |
        Temple |     38 |     20 |     18 |      0 |      0 |   1 |   38.0 |
          Lair |  10458 |  10162 |    296 |   3918 |   4853 |   5 | 2091.6 |
         Sewer |    572 |    572 |      0 |    108 |    307 |   1 |  572.0 |
        Bailey |    724 |    724 |      0 |    111 |    522 |   1 |  724.0 |
       Volcano |    435 |    435 |      0 |      2 |    312 |   1 |  435.0 |
               +--------+--------+--------+--------+--------+-----+--------+

Top non-repeatable levels by time:
  Lair:5: 2926 daAuts
     D:6: 2749 daAuts
  Lair:2: 2331 daAuts
  Lair:3: 1928 daAuts
     D:9: 1924 daAuts
     D:7: 1912 daAuts
  Lair:4: 1842 daAuts
     D:8: 1826 daAuts
     D:2: 1434 daAuts
  Lair:1: 1429 daAuts
    D:11: 1394 daAuts
     D:4: 1202 daAuts
    D:10: 1152 daAuts
     D:5: 1151 daAuts
    D:12: 953 daAuts
